[ PARTIDA AOE2 · #483738908 ]
UnrankedEtíopes vs Franks
Equipo del jugador · VICT
Equipo rival · DERR
[ ANÁLISIS DE REPETICIÓN · EXTRAÍDO DE LA PARTIDA GRABADA ]
Feudal
11:37
Castillos
18:40
Imperial
37:17
| APM promedio | 38.5 |
| APM pico | 93 |
| eAPM promedio | 21.6 |
| Aldeanos / militares | 123 / 127 |
Foco
⚔️ 38.1% · 🌾 61.9%
Camel Scout ×84 · Shotel Warrior ×27 · Trebuchet (Packed) ×8 · Monk ×3 · Mangonel ×3 · Scorpion ×2
Feudal
10:00
Castillos
21:37
Imperial
40:54
| APM promedio | 38.2 |
| APM pico | 74 |
| eAPM promedio | 16.3 |
| Aldeanos / militares | 92 / 138 |
Foco
⚔️ 43.9% · 🌾 56.1%
Spearman ×92 · Knight ×20 · Skirmisher ×15 · Scout Cavalry ×4 · Trebuchet (Packed) ×4 · Battering Ram ×2
Mapa de la partida
Recursos iniciales + cada clic de construcción. Líneas = muros · curvas = relieve. ◆ oro · ⬟ piedra · ● bayas · ✦ reliquia · ◌ hueco del cierre
Tu base· ✓ Cerrada en 18:40 · 75t muro · 1 puerta(s)
Base de zorrobyco· Abierta — el rival se encerró
Terreno inicial suavizado · ◌ = hueco del cierre detectado · pasá el cursor para detalles
Inputs por minuto
— DMarrett13 - - zorrobyco
Build order — DMarrett13
Primeras 150 de 304 acciones detectadas
| 0:03 | Construir | House |
| 0:05 | Construir | House |
| 1:10 | Crear | Villager (Male) ×4 |
| 1:39 | Crear | Villager (Male) |
| 2:16 | Crear | Villager (Male) |
| 2:57 | Construir | Lumber Camp |
| 3:07 | Crear | Villager (Male) |
| 3:36 | Crear | Villager (Male) |
| 3:36 | Crear | Villager (Male) |
| 4:14 | Crear | Villager (Male) |
| 5:15 | Crear | Villager (Male) ×3 |
| 5:24 | Construir | House |
| 5:25 | Construir | House |
| 5:27 | Construir | House |
| 5:29 | Construir | Palisade Wall |
| 5:35 | Construir | Palisade Wall |
| 5:37 | Construir | Palisade Wall |
| 5:50 | Investigar | Loom |
| 5:51 | Crear | Villager (Male) |
| 5:52 | Crear | Villager (Male) |
| 6:05 | Crear | Villager (Male) |
| 7:14 | Construir | Mill |
| 7:20 | Construir | Palisade Wall |
| 7:28 | Construir | Palisade Wall |
| 7:41 | Crear | Villager (Male) |
| 7:41 | Crear | Villager (Male) |
| 8:10 | Crear | Villager (Male) |
| 8:10 | Crear | Villager (Male) |
| 8:44 | Construir | Palisade Wall |
| 8:46 | Construir | Palisade Wall |
| 9:01 | Construir | Palisade Wall |
| 9:10 | Construir | Palisade Wall |
| 9:11 | Construir | Palisade Wall |
| 9:11 | Construir | Palisade Wall |
| 9:16 | Construir | Palisade Wall |
| 9:18 | Construir | Palisade Wall |
| 9:27 | Investigar | Feudal Age |
| 9:33 | Construir | Palisade Wall |
| 10:07 | Construir | Palisade Wall |
| 10:18 | Construir | Mining Camp |
| 11:03 | Construir | House |
| 11:06 | Construir | House |
| 11:36 | Crear | Villager (Male) |
| 11:36 | Crear | Villager (Male) |
| 11:37 | Edad | Edad Feudal |
| 11:40 | Construir | Gate |
| 11:56 | Crear | Villager (Male) |
| 11:56 | Crear | Villager (Male) |
| 11:56 | Crear | Villager (Male) |
| 12:08 | Construir | Blacksmith |
| 12:20 | Investigar | Double-Bit Axe |
| 12:49 | Construir | House |
| 13:03 | Construir | Palisade Wall |
| 13:20 | Construir | House |
| 13:28 | Construir | Market |
| 13:40 | Crear | Villager (Male) |
| 13:56 | Construir | Farm |
| 13:56 | Construir | Farm |
| 13:56 | Construir | Farm |
| 13:57 | Construir | Farm |
| 14:02 | Construir | Farm |
| 14:24 | Crear | Villager (Male) |
| 14:25 | Crear | Villager (Male) |
| 14:50 | Construir | Farm |
| 14:54 | Construir | House |
| 15:03 | Construir | House |
| 15:05 | Construir | House |
| 15:06 | Construir | House |
| 15:20 | Crear | Villager (Male) |
| 15:22 | Construir | Farm |
| 15:29 | Construir | House |
| 15:30 | Construir | House |
| 16:00 | Investigar | Castle Age |
| 16:00 | Investigar | Castle Age |
| 16:08 | Construir | House |
| 16:09 | Construir | House |
| 16:41 | Construir | House |
| 16:42 | Construir | House |
| 16:44 | Construir | House |
| 16:45 | Construir | House |
| 16:53 | Investigar | Scale Barding Armor |
| 16:53 | Investigar | Forging |
| 17:07 | Investigar | Horse Collar |
| 17:30 | Construir | Palisade Wall |
| 17:31 | Construir | Palisade Wall |
| 17:44 | Investigar | Forging |
| 18:18 | Investigar | Gold Mining |
| 18:40 | Edad | Edad de los Castillos |
| 18:42 | Construir | Town Center |
| 18:47 | Construir | Town Center |
| 19:00 | Investigar | Wheelbarrow |
| 19:06 | Construir | House |
| 19:08 | Construir | House |
| 19:13 | Construir | House |
| 19:14 | Construir | House |
| 19:42 | Crear | Villager (Male) |
| 19:42 | Crear | Villager (Male) |
| 19:51 | Crear | Villager (Male) |
| 19:51 | Crear | Villager (Male) |
| 20:10 | Construir | House |
| 20:12 | Construir | House |
| 20:17 | Construir | House |
| 20:29 | Crear | Villager (Male) |
| 20:29 | Crear | Villager (Male) |
| 20:29 | Crear | Villager (Male) |
| 20:37 | Construir | Barracks |
| 20:44 | Construir | Farm |
| 20:44 | Construir | Farm |
| 20:44 | Construir | Farm |
| 20:44 | Construir | Farm |
| 20:45 | Construir | Farm |
| 21:19 | Construir | House |
| 21:20 | Construir | House |
| 21:27 | Construir | House |
| 21:30 | Crear | Villager (Male) ×2 |
| 21:33 | Construir | Farm |
| 21:33 | Construir | Farm |
| 21:33 | Construir | Farm |
| 21:38 | Construir | Farm |
| 21:38 | Construir | Farm |
| 21:38 | Construir | Farm |
| 21:39 | Construir | Farm |
| 21:39 | Construir | Farm |
| 21:44 | Construir | Farm |
| 22:10 | Construir | Farm |
| 22:12 | Construir | Farm |
| 22:13 | Construir | Farm |
| 22:15 | Crear | Villager (Male) |
| 22:15 | Crear | Villager (Male) |
| 22:35 | Construir | Stable |
| 22:42 | Construir | House |
| 22:44 | Construir | House |
| 22:55 | Crear | Villager (Male) |
| 22:55 | Crear | Villager (Male) |
| 22:55 | Crear | Villager (Male) |
| 23:00 | Construir | Farm |
| 23:00 | Construir | Farm |
| 23:08 | Crear | Camel Scout |
| 23:09 | Crear | Camel Scout |
| 23:09 | Crear | Camel Scout |
| 23:16 | Construir | Farm |
| 23:17 | Construir | Farm |
| 23:23 | Construir | Farm |
| 23:30 | Construir | Siege Workshop |
| 23:32 | Crear | Villager (Male) |
| 23:33 | Crear | Villager (Male) |
| 23:34 | Crear | Villager (Male) |
| 23:49 | Crear | Villager (Male) |
| 24:06 | Crear | Camel Scout |
| 24:13 | Crear | Scorpion |
Build order — zorrobyco
Primeras 150 de 334 acciones detectadas
| 0:02 | Crear | Villager (Male) |
| 0:02 | Crear | Villager (Male) |
| 0:02 | Crear | Villager (Male) |
| 0:02 | Crear | Villager (Male) |
| 0:04 | Construir | House |
| 0:06 | Construir | House |
| 1:36 | Crear | Villager (Male) |
| 1:45 | Construir | Lumber Camp |
| 1:51 | Crear | Villager (Male) |
| 2:32 | Crear | Villager (Male) |
| 3:01 | Crear | Villager (Male) |
| 3:12 | Crear | Villager (Male) |
| 3:30 | Crear | Villager (Male) |
| 3:44 | Construir | House |
| 3:46 | Construir | House |
| 4:13 | Crear | Villager (Male) |
| 4:37 | Crear | Villager (Male) |
| 4:46 | Construir | Mill |
| 5:05 | Crear | Villager (Male) |
| 5:29 | Crear | Villager (Male) |
| 6:04 | Crear | Villager (Male) |
| 6:30 | Crear | Villager (Male) |
| 6:34 | Investigar | Loom |
| 7:50 | Investigar | Feudal Age |
| 8:31 | Construir | Lumber Camp |
| 8:56 | Construir | Barracks |
| 9:53 | Construir | House |
| 10:00 | Edad | Edad Feudal |
| 10:07 | Investigar | Double-Bit Axe |
| 10:08 | Crear | Villager (Male) |
| 10:09 | Crear | Villager (Male) |
| 10:24 | Construir | Stable |
| 10:38 | Construir | Farm |
| 10:52 | Crear | Villager (Male) |
| 11:03 | Construir | Farm |
| 11:19 | Construir | Archery Range |
| 11:22 | Crear | Villager (Male) |
| 11:37 | Crear | Villager (Male) |
| 11:41 | Construir | Farm |
| 11:45 | Crear | Scout Cavalry |
| 12:04 | Crear | Villager (Male) |
| 12:07 | Construir | Farm |
| 12:17 | Construir | Farm |
| 12:22 | Construir | House |
| 12:29 | Construir | Palisade Wall |
| 12:33 | Crear | Skirmisher |
| 12:34 | Crear | Skirmisher |
| 12:36 | Crear | Scout Cavalry |
| 12:41 | Construir | Farm |
| 12:45 | Crear | Villager (Male) |
| 12:46 | Crear | Villager (Male) |
| 13:05 | Crear | Villager (Male) |
| 13:15 | Construir | Farm |
| 13:17 | Construir | Farm |
| 13:20 | Construir | Farm |
| 13:30 | Construir | House |
| 13:40 | Construir | Farm |
| 13:52 | Crear | Villager (Male) |
| 14:04 | Construir | Farm |
| 14:18 | Crear | Villager (Male) |
| 14:22 | Construir | House |
| 14:28 | Crear | Villager (Male) |
| 14:31 | Crear | Skirmisher |
| 15:03 | Construir | Farm |
| 15:05 | Construir | Farm |
| 15:08 | Construir | Farm |
| 15:09 | Crear | Villager (Male) |
| 15:10 | Crear | Villager (Male) |
| 15:14 | Construir | House |
| 15:17 | Crear | Skirmisher |
| 15:17 | Crear | Skirmisher |
| 15:24 | Crear | Scout Cavalry |
| 15:31 | Construir | Farm |
| 15:32 | Crear | Villager (Male) |
| 16:00 | Construir | Mining Camp |
| 16:02 | Crear | Villager (Male) |
| 16:09 | Crear | Scout Cavalry |
| 16:17 | Crear | Skirmisher |
| 17:05 | Construir | Palisade Gate |
| 17:15 | Construir | Palisade Wall |
| 17:17 | Crear | Villager (Male) |
| 17:17 | Crear | Villager (Male) |
| 17:23 | Construir | House |
| 17:57 | Crear | Villager (Male) |
| 18:03 | Investigar | Gold Mining |
| 18:57 | Investigar | Castle Age |
| 19:15 | Construir | Farm |
| 19:19 | Construir | Farm |
| 19:24 | Construir | Farm |
| 19:26 | Construir | Farm |
| 19:32 | Crear | Skirmisher |
| 19:32 | Crear | Skirmisher |
| 19:33 | Crear | Skirmisher |
| 19:33 | Crear | Skirmisher |
| 19:34 | Crear | Skirmisher |
| 19:44 | Construir | Blacksmith |
| 19:52 | Construir | Archery Range |
| 20:30 | Construir | House |
| 20:41 | Construir | House |
| 21:00 | Crear | Skirmisher |
| 21:01 | Crear | Skirmisher |
| 21:01 | Crear | Skirmisher |
| 21:01 | Crear | Skirmisher |
| 21:25 | Construir | Stable |
| 21:27 | Investigar | Forging |
| 21:28 | Investigar | Scale Barding Armor |
| 21:37 | Edad | Edad de los Castillos |
| 21:41 | Crear | Villager (Male) |
| 21:42 | Crear | Villager (Male) |
| 21:42 | Crear | Villager (Male) |
| 21:47 | Investigar | Bow Saw |
| 21:54 | Investigar | Husbandry |
| 22:21 | Construir | House |
| 22:36 | Crear | Villager (Male) |
| 22:36 | Crear | Villager (Male) |
| 22:36 | Crear | Villager (Male) |
| 22:44 | Crear | Knight |
| 22:44 | Crear | Knight |
| 22:52 | Construir | House |
| 22:55 | Construir | House |
| 23:00 | Investigar | Elite Skirmisher (upgrade) |
| 23:02 | Crear | Knight |
| 23:03 | Crear | Knight |
| 23:15 | Crear | Villager (Male) |
| 23:24 | Crear | Knight |
| 23:24 | Crear | Knight |
| 23:24 | Crear | Knight |
| 23:53 | Investigar | Fletching |
| 23:57 | Crear | Villager (Male) |
| 23:58 | Construir | Farm |
| 24:08 | Construir | Siege Workshop |
| 24:12 | Crear | Knight |
| 24:13 | Crear | Knight |
| 24:13 | Crear | Knight |
| 24:50 | Crear | Battering Ram |
| 25:19 | Crear | Villager (Male) |
| 25:19 | Crear | Villager (Male) |
| 25:51 | Crear | Knight |
| 25:51 | Crear | Knight |
| 25:51 | Crear | Knight |
| 26:00 | Construir | Barracks |
| 26:47 | Investigar | Pikeman (upgrade) |
| 27:03 | Crear | Spearman |
| 27:03 | Crear | Spearman |
| 27:04 | Crear | Spearman |
| 27:26 | Construir | Barracks |
| 27:31 | Crear | Villager (Male) |
| 27:31 | Crear | Villager (Male) |
| 27:32 | Crear | Villager (Male) |
| 27:32 | Crear | Villager (Male) |
Cronología de la partida
| 5:29 | DMarrett13 · wall_segment Palisade Wall x1 |
| 5:35 | DMarrett13 · wall_segment Palisade Wall x1 |
| 5:37 | DMarrett13 · wall_segment Palisade Wall x1 |
| 7:20 | DMarrett13 · wall_segment Palisade Wall x4 |
| 7:28 | DMarrett13 · wall_segment Palisade Wall x18 |
| 8:44 | DMarrett13 · wall_segment Palisade Wall x7 |
| 8:46 | DMarrett13 · wall_segment Palisade Wall x8 |
| 8:56 | zorrobyco · first_building Barracks |
| 9:01 | DMarrett13 · wall_segment Palisade Wall x14 |
| 9:10 | DMarrett13 · wall_segment Palisade Wall x1 |
| 9:11 | DMarrett13 · wall_segment Palisade Wall x1 |
| 9:11 | DMarrett13 · wall_segment Palisade Wall x1 |
| 9:16 | DMarrett13 · wall_segment Palisade Wall x6 |
| 9:18 | DMarrett13 · wall_segment Palisade Wall x4 |
| 9:33 | DMarrett13 · wall_segment Palisade Wall x19 |
| 10:00 | zorrobyco · age_up feudal |
| 10:07 | DMarrett13 · wall_segment Palisade Wall x7 |
| 10:24 | zorrobyco · first_building Stable |
| 11:19 | zorrobyco · first_building Archery Range |
| 11:37 | DMarrett13 · age_up feudal |
| 12:29 | zorrobyco · wall_segment Palisade Wall x10 |
| 13:03 | DMarrett13 · wall_segment Palisade Wall x1 |
| 17:15 | zorrobyco · wall_segment Palisade Wall x16 |
| 17:30 | DMarrett13 · wall_segment Palisade Wall x1 |
| 17:31 | DMarrett13 · wall_segment Palisade Wall x1 |
| 18:40 | DMarrett13 · age_up castle |
| 20:37 | DMarrett13 · first_building Barracks |
| 21:37 | zorrobyco · age_up castle |
| 22:35 | DMarrett13 · first_building Stable |
| 23:30 | DMarrett13 · first_building Siege Workshop |
| 24:02 | DMarrett13 · first_market_sell 100 food |
| 24:08 | zorrobyco · first_building Siege Workshop |
| 25:35 | DMarrett13 · first_building Monastery |
| 32:02 | zorrobyco · first_market_buy 100 stone |
| 32:13 | zorrobyco · first_building Castle |
| 32:20 | DMarrett13 · first_building Castle |
| 37:17 | DMarrett13 · age_up imperial |
| 40:54 | zorrobyco · age_up imperial |
| 46:40 | zorrobyco · resign |
[ ANÁLISIS IA · 1 CRÉDITO ]
¿Qué pasó realmente en esta partida?
Wolo.gg analiza cada decisión: build order, eco, micro, errores típicos por bracket. Análisis personalizado por WhatsApp o Discord en 30 segundos.
Guía civ
Etíopes
Perfil
Jugador #3491613